 Dungeon Crawl Stone Soup version 0.13.0-19-g8e0b589 (webtiles) character file.

632 Malachi the Vexing (level 6, 0/41 HPs)
             Began as a Vampire Enchanter on Oct 24, 2013.
             Slain by Edmund
             ... wielding a +2,+1 flail of crushing
              (8 damage)
             ... on Level 4 of the Dungeon.
             The game lasted 00:09:31 (5356 turns).

Malachi the Vexing (Vampire Enchanter)              Turns: 5356, Time: 00:09:32

HP   0/41        AC  5     Str  7      XL: 6   Next: 37%
MP   1/10        EV 12     Int 19      God:
Gold 274         SH  0     Dex 14      Spells:  2 memorised,  4 levels left

Res.Fire  : . . .   See Invis. : +   v - +2,+0 elf long sword (elec)
Res.Cold  : + . .   Warding    : .   b - +1 robe
Life Prot.: + + .   Conserve   : .   (no shield)
Res.Poison: +       Res.Corr.  : .   (no helmet)
Res.Elec. : .       Clarity    : .   (no cloak)
Sust.Abil.: . .     Spirit.Shd : .   (no gloves)
Res.Mut.  : .       Stasis     : .   o - +1 pair of dwarf boots
Res.Rott. : +       Flight     : .   (no amulet)
Saprovore : . . .                    (no ring)
                                     (no ring)

@: regenerating slowly, slightly resistant to hostile enchantments, very
stealthy
A: bottle blood, fangs 3, see invisible, unbreathing
a: Bat Form, Bottle Blood


You were on level 4 of the Dungeon.
You were very thirsty.

You visited 1 branch of the dungeon, and saw 4 of its levels.

You collected 254 gold pieces.

Inventory:

Hand weapons
 a - a +1,+1 dagger {=f}
 s - a +2,+1 short sword of freezing
 v - a +2,+0 elven long sword of electrocution (weapon)
Missiles
 d - 12 darts (quivered)
 i - a throwing net
Armour
 b - a +1 robe (worn)
 o - a +1 pair of dwarven boots (worn)
Scrolls
 e - 2 scrolls of identify {unknown}
 f - 2 scrolls of noise {unknown}
 g - 2 scrolls of enchant weapon I {unknown}
 h - 2 scrolls of teleportation {unknown}
 j - 3 scrolls of remove curse {unknown}
 k - a scroll of magic mapping {unknown}
 n - a scroll of fear {unknown}
 p - 2 scrolls of blinking {unknown}
 q - a scroll of random uselessness {unknown}
 t - a scroll of enchant armour {unknown}
Potions
 l - a potion of paralysis {unknown}
 m - 3 potions of curing
 r - a potion of heal wounds {unknown}
 u - 2 potions of speed {unknown}
 w - a potion of brilliance {unknown}
 x - a potion of poison {unknown}
Books
 c - a book of Maledictions

   Spells                             Type                      Level
   *Corona                            Hexes                        1
   Sure Blade                         Hexes/Charms                 2
   *Ensorcelled Hibernation           Hexes/Ice                    2
   Confuse                            Hexes                        3
   Enslavement                        Hexes                        4
   Invisibility                       Hexes                        6


   Skills:
 - Level 0.1 Fighting
 * Level 4.1 Short Blades
 - Level 0.4 Long Blades
 - Level 0.7 Throwing
 - Level 2.1 Dodging
 * Level 6.5 Stealth
 - Level 1.0 Spellcasting
 - Level 7.0 Hexes


You had 4 spell levels left.
You knew the following spells:

 Your Spells              Type           Power        Failure   Level  Hunger
a - Corona                Hex            ####...      1%          1    ##.....
b - Ensorcelled Hibernat  Hex/Ice        ##....       10%         2    ###....


Dungeon Overview and Level Annotations

Branches:
Dungeon (4/27)
 Temple: D:4-7

Altars:
Xom

Annotations:
D:4 Edmund


Innate Abilities, Weirdness & Mutations

You heal slowly.
You can bottle blood from corpses.
You have razor-sharp teeth.*
You have supernaturally acute eyesight.
You can survive without breathing.*


Message History

Aim: Edmund, wielding a runed flail and wearing a chain mail (heavily wounded) Edmund struggles to resist.
The jackal bites you.
* * * LOW HITPOINT WARNING * * *
Edmund closely misses you.
The jackal bites you but does no damage.
The jackal barely misses you. The jackal barely misses you.
Wield which item (- for none, * to show all)? (? for menu, Esc to quit)
You hear the crackle of electricity.
v - an uncursed elven long sword of electrocution (weapon)
The jackal bites you but does no damage.
You hit the jackal.
The jackal is almost dead.
The jackal misses you.
You completely miss the jackal.
The jackal is almost dead.
The jackal bites you.
* * * LOW HITPOINT WARNING * * *
The jackal closely misses you. Edmund hits you with a runed flail!
You die...

.# #%### #..# .# #.# #..# .# #.#
#..#
.#####.###############..#########
........................%........
..........................)..####
##..###########..##########)%#
#..# #..# #..# ##..###########.@#
#..####
...............@h##########......
.................................
.................................
............(##########.).#######
.............# #...#
.............# #...#
.............# #@..#
.............##########[..#######


You could see Edmund and a jackal.

Vanquished Creatures
  2 orc priests (D:4)
  An iguana (D:4)
  2 orc wizards (D:4)
  2 worker ants
  5 adders
  4 giant mites
  A worm (D:3)
  11 giant geckos
  An ooze (D:4)
  6 orcs
  2 ball pythons
  A giant cockroach (D:2)
  7 goblins
  5 hobgoblins
  4 jackals (D:4)
  10 kobolds
  2 quokkas
  6 bats
  7 giant newts
  A goblin skeleton (D:4)
  10 rats
90 creatures vanquished.

Notes
Turn   | Place    | Note
--------------------------------------------------------------
     0 | D:1      | Malachi, the Vampire Enchanter, began the quest for the Orb.
     0 | D:1      | Reached XP level 1. HP: 13/13 MP: 4/4
    55 | D:1      | Reached skill level 5 in Hexes
   196 | D:1      | Reached XP level 2. HP: 19/19 MP: 5/5
   832 | D:1      | Learned a level 2 spell: Ensorcelled Hibernation
  1312 | D:2      | Reached XP level 3. HP: 24/24 MP: 3/6
  1454 | D:2      | Reached skill level 6 in Hexes
  2137 | D:2      | Reached XP level 4. HP: 23/30 MP: 2/8
  3299 | D:3      | Reached skill level 7 in Hexes
  4037 | D:4      | Reached XP level 5. HP: 35/35 MP: 6/9
  4443 | D:4      | Reached skill level 5 in Stealth
  4814 | D:4      | Reached XP level 6. HP: 41/41 MP: 5/10
  4843 | D:4      | Noticed a phantom
  4939 | D:4      | Found a shimmering altar of Xom.
  5297 | D:4      | Noticed Edmund
  5356 | D:4      | Slain by Edmund

Action                   |  1- 3 |  4- 6 || total
-------------------------+-------+-------++-------
Melee: Dagger            |   124 |   153 ||   277
       Short sword       |     5 |    23 ||    28
       Long sword        |       |    11 ||    11
 Cast: Corona            |     8 |     8 ||    16
       Ensorcelled Hiber |     7 |    35 ||    42
 Abil: End Transformatio |       |     1 ||     1
       Bat Form          |       |     1 ||     1
  Use: Potion            |       |     3 ||     3
 Stab: Sleeping          |    11 |    19 ||    30
